 Dungeon Crawl Stone Soup version 0.28.0-45-g0d030f2227 (webtiles) character file.

Game seed: 5734524479969249795

14301 pkoi the Frost Mage (level 11, -6/86 HPs)
             Began as a Demigod Ice Elementalist on Apr 15, 2022.
             Killed by an exploding dire elephant simulacrum (30 damage)
             ... ignited by their inner flame
             ... in an ice cave.
             The game lasted 00:42:58 (17233 turns).

pkoi the Frost Mage (Demigod Ice Elementalist)     Turns: 17233, Time: 00:42:59

Health: -6/86      AC:  5    Str:  9    XL:     11   Next: 57%
Magic:  25/33      EV: 14    Int: 35    God:
Gold:   712        SH:  0    Dex: 14    Spells: 2/22 levels left

rFire   + . .      SeeInvis .   r - staff of fire
rCold   . . .      Faith    .   (no shield)
rNeg    . . .      Spirit   .   a - +1 robe
rPois   .          Reflect  .   w - +2 hat
rElec   .          Harm     .   (no cloak)
rCorr   .          Rampage  .   (no gloves)
Will    +....                   (no boots)
Stlth   ++........              g - amulet of regeneration
HPRegen 1.04/turn               i - ring of magical power
MPRegen 0.23/turn               J - +6 ring of intelligence

@: no status effects
A: high MP 1, forlorn, divine attributes
a: no special abilities


You were in an ice cave.
You visited 2 branches of the dungeon, and saw 12 of its levels.
You also visited: Sewer and Ice Cave.

You collected 852 gold pieces.
You spent 140 gold pieces at shops.

Inventory:

Hand Weapons
 c - a +0 dagger
 d - a +2 short sword of draining
 l - a +0 dagger of venom
 m - a +2 dagger of draining
 A - a +1 spear of venom
Missiles
 j - 34 poisoned darts
Armour
 a - a +1 robe (worn)
 w - a +2 hat (worn)
 K - a +1 buckler of cold resistance
Magical Staves
 r - a staff of fire (weapon)
 F - a staff of cold
Jewellery
 g - an amulet of regeneration (around neck)
 i - a ring of magical power (left hand)
 o - a +6 ring of strength
 J - a +6 ring of intelligence (right hand)
Wands
 q - a wand of digging (9)
 u - a wand of acid (4)
 G - a wand of mindburst (8)
 I - a wand of polymorph (4)
 L - a wand of paralysis (2)
Scrolls
 p - 3 scrolls of teleportation
 s - 2 scrolls of blinking
 v - a scroll of magic mapping
 y - 2 scrolls of fog
 B - 3 scrolls of enchant weapon
 D - 2 scrolls of enchant armour
 H - 2 scrolls of identify
 M - 2 scrolls of fear
Potions
 b - 2 potions of mutation {unknown}
 e - 2 potions of lignification
 f - 6 potions of flight
 h - 4 potions of attraction
 k - a potion of magic
 n - 2 potions of cancellation {unknown}
 t - 5 potions of heal wounds {unknown}
 x - a potion of haste
 z - a potion of berserk rage
 C - 2 potions of resistance {unknown}
 E - 2 potions of curing


   Skills:
 + Level 5.0 Fighting
 + Level 5.3 Dodging
 - Level 1.7 Stealth
 + Level 7.0 Unarmed Combat
 - Level 6.0 Spellcasting
 - Level 5.6 Conjurations
 - Level 5.4 Hexes
 * Level 2.1 Transmutations
 - Level 5.4 Fire Magic
 - Level 9.4 Ice Magic


You had 2 spell levels left.
You knew the following spells:

 Your Spells              Type           Power      Damage    Failure   Level
a - Freeze                Ice            100%       1d11      1%          1
b - Frozen Ramparts       Ice            100%       1d12      1%          3
c - Ozocubu's Armour      Ice            66%        N/A       1%          3
d - Magic Dart            Conj           100%       1d8       1%          1
e - Hailstorm             Conj/Ice       59%        3d13      1%          4
f - Inner Flame           Hex/Fire       64%        N/A       1%          3
g - Yara's Violent Unrav  Hex/Tmut       18%        3d9       22%         5

Your spell library contained the following spells:

 Spells                   Type           Power      Damage    Failure   Level
 Beastly Appendage        Tmut           50%        N/A       1%          1
 Foxfire                  Conj/Fire      100%       2x1d9     1%          1
 Ensorcelled Hibernation  Hex/Ice        100%       N/A       1%          2
 Wereblood                Tmut           25%        N/A       2%          2
 Call Imp                 Summ           10%        N/A       5%          2
 Conjure Flame            Conj/Fire      65%        6-21      1%          3
 Tukima's Dance           Hex            48%        N/A       1%          3
 Stone Arrow              Conj/Erth      60%        3d10      3%          3
 Flame Wave               Conj/Fire      65%        2d12      3%          4
 Cause Fear               Hex            24%        N/A       4%          4
 Mephitic Cloud           Conj/Pois/Air  23%        N/A       5%          3
 Spider Form              Tmut/Pois      18%        N/A       8%          3
 Anguish                  Hex/Necr       14%        N/A       12%         4
 Silence                  Hex/Air        14%        N/A       34%         5
 Animate Armour           Summ/Erth      20%        N/A       36%         4
 Passage of Golubria      Tloc           10%        N/A       36%         4
 Summon Lightning Spire   Summ/Air       10%        N/A       36%         4
 Storm Form               Tmut/Air       9%         N/A       100%        7
 Discord                  Hex            24%        N/A       100%        8
 Lehudib's Crystal Spear  Conj/Erth      15%        10d5      100%        8
 Maxwell's Capacitive Co  Air            5%         ∞         100%        8


Dungeon Overview and Level Annotations

Branches:
Dungeon (9/15)             Temple (0/1) D:5            Lair (3/6) D:8
  Swamp (0/4) Lair:3       Spider (0/4) Lair:3        Sewer (visited)
  IceCv (1/1)
    Orc: D:9-12

Shops:
D:5 [

Annotations:
D:6 2 transporters, exclusion: vampire, tygarin's ghost, novice OpCj
D:7 Harold; Maggie
Lair:2 3 runed translucent doors, themarg's ghost, journeyman GnTm


Innate Abilities, Weirdness & Mutations

You have an increased reservoir of magic. (+10% MP)
You shall have no god before yourself.
Your divine heritage dramatically boosts your attributes as you level up.


Message History

Casting: Magic Dart (safe; 1% risk of failure)
Confirm with . or Enter, or press ? or * to list all spells.
Aiming: Magic Dart (safe; 1% risk of failure)
Press: ? - help, Shift-Dir - straight line, f/p - dire elephant simulacrum
Aim: a dire elephant simulacrum (heavily damaged, inner flame, 100% to hit)
The magic dart hits the dire elephant simulacrum but does no damage.
The dire elephant simulacrum is heavily damaged.
The dire elephant simulacrum tramples you!!
* * * LOW HITPOINT WARNING * * *
You hold your ground!
The dire elephant simulacrum trunk-slaps you.
* * * LOW HITPOINT WARNING * * *
The dire elephant simulacrum freezes you!!
* * * LOW HITPOINT WARNING * * *
Casting: Magic Dart (safe; 1% risk of failure)
Confirm with . or Enter, or press ? or * to list all spells.
Aiming: Magic Dart (safe; 1% risk of failure)
Press: ? - help, Shift-Dir - straight line, f/p - dire elephant simulacrum
Aim: a dire elephant simulacrum (heavily damaged, inner flame, 100% to hit)
The magic dart hits the dire elephant simulacrum.
Flame seeps out of the dire elephant simulacrum.
The dire elephant simulacrum is heavily damaged.
An anaconda simulacrum comes into view.
The dire elephant simulacrum is engulfed in blazing flames.
Flame seeps out of the dire elephant simulacrum.
The dire elephant simulacrum tramples you!
* * * LOW HITPOINT WARNING * * *
You hold your ground!
The dire elephant simulacrum barely misses you.
The dire elephant simulacrum is engulfed in blazing flames.
Flame seeps out of the dire elephant simulacrum.
Casting: Magic Dart (safe; 1% risk of failure)
Confirm with . or Enter, or press ? or * to list all spells.
Aiming: Magic Dart (safe; 1% risk of failure)
Press: ? - help, Shift-Dir - straight line, f/p - dire elephant simulacrum
Aim: a dire elephant simulacrum (almost destroyed, inner flame, 100% to hit)
The magic dart hits the dire elephant simulacrum.
The dire elephant simulacrum explodes!
The fiery explosion engulfs you!! You resist.
You die...

#...##
#Z#.Z#
#.#.#
##.#...#
##.###
#Z###..#
#.## #.##
...# #.##
#.Z# #...#
#..# #..#
#..# ##.#
##.# ...
##.# ##Z.#
#@## #..##
#§## #..#
#§§##
##.##
##§.###..#
#...#..##
##.....#
#....## #
#...## ≈#
##..##≈≈#


There were no monsters in sight!

Vanquished Creatures
  A hydra (Lair:1)
  An ice statue (IceCv)
  A black mamba (Lair:1)
  An elephant (D:8)
  4 cane toads
  A torpor snail (Lair:2)
  A komodo dragon (Lair:3)
  An anaconda simulacrum (IceCv)
  2 rime drakes
  A polar bear (Lair:3)
  3 blink frogs (Lair:2)
  A wyvern (Lair:3)
  2 dire elephant simulacra (IceCv)
  16 yaks
  A vampire (D:8)
  5 basilisks
  Menkaure (D:7)
  A harpy simulacrum (IceCv)
  6 water moccasins
  2 ice beasts
  2 orc warriors
  3 black bears
  A sky beast (D:8)
  5 ogres
  A necrophage (D:7)
  6 wolves (Lair:2)
  A centaur (D:9)
  A lemure (D:6)
  2 kobold brigands
  8 bullfrogs
  A gnoll sergeant (D:8)
  3 cane toad simulacra (IceCv)
  6 two-headed ogre simulacra (IceCv)
  A water moccasin zombie (D:5)
  2 water moccasin skeletons
  6 killer bees (D:8)
  3 elephant simulacra (IceCv)
  4 wights (D:8)
  2 howler monkeys (D:9)
  2 centaur zombies
  4 hounds
  A centaur skeleton (D:4)
  4 bullfrog skeletons
  A gnoll shaman (D:6)
  3 iguanas
  Natasha (thrice) (D:2)
  An orc wizard (D:8)
  5 spriggan simulacra (IceCv)
  3 troll simulacra (IceCv)
  3 polar bear simulacra (IceCv)
  A killer bee zombie (D:8)
  A howler monkey zombie (D:6)
  Robin (D:3)
  15 gnolls
  11 adders
  3 naga simulacra (IceCv)
  4 river rats (Sewer)
  5 white imps
  9 ufetubi
  A worm (D:3)
  A dart slug (D:1)
  6 orcs
  10 bats
  8 endoplasms
  8 giant cockroaches
  19 goblins
  7 hobgoblins
  4 jackals
  7 quokkas
  15 ball pythons
  7 frilled lizards
  16 kobolds
  4 rats
303 creatures vanquished.

Vanquished Creatures (others)
  10 fungi
  18 plants
28 creatures vanquished.

Grand Total: 331 creatures vanquished

Notes
Turn   | Place    | Note
-------+----------+-------------------------------------------
     0 | D:1      | pkoi the Demigod Ice Elementalist began the quest for the
                  | Orb.
     0 | D:1      | Reached XP level 1. HP: 14/14 MP: 5/5
   457 | D:1      | Reached skill level 4 in Ice Magic
   457 | D:1      | Reached XP level 2. HP: 14/20 MP: 1/7
  1229 | D:1      | Reached XP level 3. HP: 24/26 MP: 6/8
  2244 | D:2      | Learned a level 3 spell: Frozen Ramparts
  2276 | D:2      | Noticed Natasha
  2282 | D:2      | Killed Natasha
  2440 | D:2      | Reached XP level 4. HP: 33/33 MP: 8/10
  2537 | D:2      | Noticed Natasha
  2558 | D:2      | Killed Natasha
  2581 | D:2      | Noticed Natasha
  2663 | D:2      | Killed Natasha
  2664 | D:2      | Reached skill level 5 in Ice Magic
  3175 | D:3      | Reached XP level 5. HP: 38/38 MP: 8/12
  3357 | D:3      | Noticed Robin
  3365 | D:3      | Killed Robin
  3991 | D:4      | Noticed a black bear
  3996 | D:4      | Killed a black bear
  3997 | D:4      | Reached skill level 1 in Fighting
  4047 | D:3      | Learned a level 1 spell: Magic Dart
  4051 | D:3      | Learned a level 3 spell: Ozocubu's Armour
  4356 | D:4      | Reached XP level 6. HP: 47/47 MP: 10/14
  4500 | D:4      | Reached skill level 1 in Conjurations
  5024 | D:4      | Reached skill level 6 in Ice Magic
  5024 | D:4      | Reached XP level 7. HP: 43/53 MP: 14/16
  5041 | D:3      | Learned a level 4 spell: Hailstorm
  5626 | D:5      | Entered Level 5 of the Dungeon
  5639 | D:5      | Found a staircase to the Ecumenical Temple.
  6195 | D:5      | Found Siuri's Antique Armour Emporium.
  6285 | D:5      | Bought an embroidered hat for 140 gold pieces
  6309 | D:5      | Reached skill level 1 in Unarmed Combat
  6530 | D:5      | Reached XP level 8. HP: 56/62 MP: 17/17
  6983 | D:6      | Found a glowing drain.
  7006 | Sewer    | Entered a sewer
  8342 | D:6      | Found a transporter.
  8344 | D:6      | Found a transporter.
  8345 | D:6      | Noticed tygarin's ghost (novice OpCj)
  8346 | D:6      | Noticed a queen bee
  8595 | D:6      | Learned a level 3 spell: Inner Flame
  8670 | D:6      | Reached skill level 7 in Ice Magic
  8938 | D:7      | Noticed Harold
  8940 | D:7      | Noticed Maggie
  9004 | D:7      | Noticed Menkaure
  9066 | D:7      | Killed Menkaure
  9251 | D:7      | Reached skill level 5 in Spellcasting
  9251 | D:7      | Reached XP level 9. HP: 71/71 MP: 18/20
  9434 | D:8      | Found a staircase to the Lair.
  9434 | D:8      | Noticed an elephant
  9484 | D:8      | Killed an elephant
  9750 | D:9      | Reached skill level 5 in Dodging
  9828 | D:8      | Reached skill level 5 in Conjurations
  9831 | D:8      | Reached skill level 1 in Hexes
  9836 | D:8      | Reached skill level 1 in Fire Magic
 11745 | Lair:1   | Entered Level 1 of the Lair of Beasts
 11749 | Lair:1   | Noticed a six-headed hydra
 11758 | Lair:1   | Killed a six-headed hydra
 11759 | Lair:1   | Reached XP level 10. HP: 79/80 MP: 12/22
 11775 | Lair:1   | Reached skill level 8 in Ice Magic
 12132 | Lair:1   | Noticed a black mamba
 12137 | Lair:1   | Killed a black mamba
 12223 | Lair:1   | Reached skill level 5 in Unarmed Combat
 13295 | Lair:2   | Noticed a torpor snail
 13306 | Lair:2   | Reached skill level 9 in Ice Magic
 13306 | Lair:2   | Reached XP level 11. HP: 50/85 MP: 17/24
 13715 | Lair:2   | Noticed themarg's ghost (journeyman GnTm)
 13717 | Lair:2   | Noticed a minotaur
 13734 | Lair:2   | Found a runed translucent gate.
 13734 | Lair:2   | Found a runed translucent gate.
 13734 | Lair:2   | Found a runed translucent gate.
 13841 | Lair:2   | Reached skill level 5 in Hexes
 13891 | Lair:2   | Reached skill level 5 in Fire Magic
 14615 | Lair:3   | Identified the +1 leather armour "Lilie" {rPois Will-
                  | Regen+ Str-5}
 14689 | Lair:3   | Found a frozen archway.
 14698 | IceCv    | Entered an ice cave
 15124 | IceCv    | Learned a level 5 spell: Yara's Violent Unravelling
 16198 | IceCv    | Reached skill level 1 in Transmutations
 16383 | IceCv    | HP: 4/85 [constriction (2)]
 16725 | IceCv    | Reached skill level 5 in Fighting
 17233 | IceCv    | Killed by an exploding dire elephant simulacrum... ignited
                  | by their inner flame

Illustrated notes

Levels and vault maps discovered:
D:1:      lemuel_arrival_cross, layout_basic, hangedman_decor_lopped,
          nicolae_grassy_gnolls
D:2:      layout_loops_ring, basic_altar, uniq_natasha
D:3:      layout_basic, st_stairs_5, uniq_robin
D:4:      cheibrodos_barr_body, layout_basic
D:5:      layout_cave_pods, minmay_temple_entry_overgrown, serial_shops,
          nicolae_shop_trees, minmay_misc_feat_rugged,
          mumra_transporter_accident
D:6:      layout_basic, portal_sewer_entry_f, gammafunk_ghost_hive
D:7:      layout_basic, uniq_maggie, uniq_pikel, uniq_menkaure, uniq_harold
D:8:      layout_loops_cross, mainiacjoe_overflow_alcove_2, david_lair_generic
D:9:      layout_layer_cave, minmay_hedge_maze, hex_medium
Lair:1:   layout_gridlike, basic_altar
Lair:2:   layout_cave_pods, maelrawn_ghost_gauntlet_escape,
          nicolae_quartered_pool_impasse
Lair:3:   layout_roguey, palyth_hydra_swamp_entry, spider_nest_entry_funnel_web,
          portal_ice_cave_entry_pillars_2, tgw_fedhas, grunt_megastairs_1,
          serial_bayou_shore_b, lemuel_fruit_tree
IceCv:    ice_cave_caverns_01

Skill      XL: |  1  2  3  4  5  6  7  8  9 10 11 |
---------------+----------------------------------+-----
Ice Magic      | 4 5 6 7 9 |  9.4
Spellcasting   | 2 3 4 5 6 |  6.0
Dodging        | 2 3 4 5 |  5.3
Fighting       | 1 2 3 4 5 |  5.0
Conjurations   | 2 3 4 5 |  5.6
Unarmed Combat | 1 2 4 6 7 |  7.0
Hexes          | 2 4 5 |  5.4
Fire Magic     | 2 4 5 |  5.4
Transmutations | 2 |  2.1
Stealth        | |  1.7

Action                   |  1- 3 |  4- 6 |  7- 9 | 10-12 || total
-------------------------+-------+-------+-------+-------++-------
Melee: Dagger            |    11 |       |    99 |     3 ||   113
       Short sword       |     4 |    74 |   106 |       ||   184
       Punch             |       |       |     4 |     3 ||     7
       Spear             |       |       |    74 |       ||    74
       Staff             |       |       |       |    27 ||    27
 Cast: Freeze            |    50 |    10 |     6 |    33 ||    99
       Frozen Ramparts   |     1 |    23 |    51 |    19 ||    94
       Ozocubu's Armour  |       |     5 |    46 |    16 ||    67
       Hailstorm         |       |       |    19 |    20 ||    39
       Magic Dart        |       |       |       |    97 ||    97
       Inner Flame       |       |       |       |    49 ||    49
       Yara's Violent Un |       |       |       |     2 ||     2
  Use: Scroll            |     2 |     7 |    14 |     4 ||    27
 Stab: Sleeping          |     3 |       |       |       ||     3
Armor: Robe              |     8 |    20 |   144 |    45 ||   217
Dodge: Dodged            |    32 |    50 |   289 |   115 ||   486
